 Dungeon Crawl Stone Soup version 0.27.0-1-g7a089689b8 (webtiles) character file.

Game seed: 7706403100923723173

91 PentaManta the Changer (level 4, 0/42 HPs)
             Began as an Octopode Transmuter on Aug 17, 2021.
             Succumbed to an adder's poison
             ... on level 2 of the Dungeon.
             The game lasted 00:02:07 (1441 turns).

PentaManta the Changer (Octopode Transmuter)        Turns: 1441, Time: 00:02:07

Health: 0/42       AC: 22    Str:  9    XL:     4   Next: 57%
Magic:  7/7        EV:  2    Int: 15    God:
Gold:   27         SH:  0    Dex: 13    Spells: 6/7 levels left

rFire    . . .     SeeInvis .     - Unarmed
rCold    . . .     Faith    .   (no shield)
rNeg     + + +     Spirit   .   (helmet currently unavailable)
rPois    +         Reflect  .   (no amulet)
rElec    .         Harm     .   (no ring)
rCorr    .         Rampage  .   (no ring)
Will     .....     NoTele   +   (no ring)
Stlth    +.........             (no ring)
HPRegen  0.14/turn              (no ring)
MPRegen  0.10/turn              (no ring)
                                (no ring)
                                (no ring)

@: mighty, lethally poisoned (0 -> -1), tree-form
A: stationary, stasis, torment immunity, boosted hp, almost no armour,
(amphibious), 8 rings, (camouflage 1), (gelatinous body 1), (nimble swimmer 1),
(tentacles)
a: no special abilities


You were on level 2 of the Dungeon.
You were a tree.
You visited 1 branch of the dungeon, and saw 2 of its levels.

You collected 27 gold pieces.

Inventory:

Missiles
 a - 66 stones (quivered)
Jewellery
 d - a +4 ring of protection


   Skills:
 - Level 1.0 Fighting
 - Level 2.0 Dodging
 - Level 3.0 Unarmed Combat
 - Level 2.0 Spellcasting
 + Level 4.6 Transmutations


You had 6 spell levels left.
You knew the following spells:

 Your Spells              Type           Power      Damage    Failure   Level
a - Beastly Appendage     Tmut           30%        N/A       3%          1

Your spell library contained the following spells:

 Spells                   Type           Power      Damage    Failure   Level
 Wereblood                Tmut           15%        N/A       4%          2
 Spider Form              Tmut/Pois      4%         N/A       26%         3
 Ice Form                 Ice/Tmut       8%         N/A       63%         4


Dungeon Overview and Level Annotations

Branches:
Dungeon (2/15)

Altars:


Innate Abilities, Weirdness & Mutations

You are a tree.
Your roots penetrate the ground, keeping you stationary.
You cannot be teleported.
You are immune to unholy pain and torment.
Your maximum health is greatly increased.
You cannot wear most types of armour.
((You are amphibious.))
You can wear up to eight rings at the same time.
((Your skin changes colour to match your surroundings (Stealth+).))
((Your rubbery body absorbs attacks. (AC +1, EV +1)))
((You are camouflaged near water. (Stealth+)))
((You have tentacles for arms and can constrict up to eight enemies at once.))


Message History

You constrict the adder.
You feel sick. The adder bites you.
You are more poisoned.
The adder poisons you! The adder misses you.
You tentacle-slap the adder.
The adder is severely wounded.
You constrict the adder.
You feel very sick. The adder bites you.
You tentacle-slap the adder but do no damage.
You squeeze the adder.
The adder is almost dead.
You constrict the adder.
You kill the adder!
You feel sick.
You have reached level 4!
It was a potion of cancellation.
You feel magically purged.
You feel sick. Natasha closely misses you.
It was a potion of might.
You feel very mighty all of a sudden.
You feel sick.
Natasha casts a spell.
It was a potion of lignification.
You turn into a tree.
Your roots penetrate the ground.
You feel sick.
Natasha mewls in sadness.
Natasha claws you but does no damage.
You barely miss Natasha.
You feel sick.
Natasha stares at you and mumbles some strange words.
The magic dart hits you!
* * * LOW HITPOINT WARNING * * *
You smack Natasha!
Natasha is severely wounded.
* * * LOW HITPOINT WARNING * * *
You feel sick. Natasha claws you but does no damage.
You smack Natasha!
You kill Natasha!
You hear a faint echoing roar filled with hate and sorrow!
The shadow imp disappears in a puff of smoke! x2
There is a lethal amount of poison in your body!
You aren't carrying any potions.
You die...

#### #########.####.#
...###...........##.#
##.#.#.#######.#.##.#
#.....# ##......##
#.....# #........#
#.....# #.##.###.#
####### #. #.# #.# #.
#.# #.# #. #♣# #.#
#†# #.# #§# #.# ###
#§# #.# #.# ..? ..#
..# ..# ..# ..# ...#
#.#


There were no monsters in sight!

Vanquished Creatures
  Natasha (twice) (D:2)
  An adder (D:2)
  A dart slug (D:1)
  2 ball pythons (D:1)
  2 endoplasms (D:1)
  4 giant cockroaches
  5 goblins
  3 hobgoblins (D:1)
  2 quokkas (D:1)
  3 bats (D:1)
  2 frilled lizards
  A kobold (D:1)
28 creatures vanquished.

Vanquished Creatures (others)
  A fungus (D:2)
1 creature vanquished.

Grand Total: 29 creatures vanquished

Notes
Turn   | Place    | Note
-------+----------+-------------------------------------------
     0 | D:1      | PentaManta the Octopode Transmuter began the quest for the
                  | Orb.
     0 | D:1      | Reached XP level 1. HP: 13/13 MP: 3/3
    95 | D:1      | Reached XP level 2. HP: 18/18 MP: 5/5
   292 | D:1      | Reached skill level 3 in Transmutations
   529 | D:1      | Found a faded altar of an unknown god.
   683 | D:1      | Reached XP level 3. HP: 18/23 MP: 6/6
  1120 | D:2      | Noticed Natasha
  1132 | D:2      | Killed Natasha
  1133 | D:2      | Reached skill level 4 in Transmutations
  1429 | D:2      | Noticed Natasha
  1435 | D:2      | Reached XP level 4. HP: 12/28 MP: 7/7
  1438 | D:2      | HP: 2/42 [Natasha/magic dart (10)]
  1440 | D:2      | Killed Natasha
  1441 | D:2      | Succumbed to an adder's poison

Illustrated notes

Levels and vault maps discovered:
D:1:      erik_arrival_orb_chamber, layout_rooms, ebering_ecumenical_altar_box
D:2:      layout_loops_corners, basic_altar, uniq_robin, uniq_natasha,
          uniq_crazy_yiuf_cottage

Skill      XL: |  1  2  3 |
---------------+----------+-----
Transmutations | 3 4 |  4.6
Fighting       | |  1.0
Dodging        | |  2.0
Unarmed Combat | |  3.0
Spellcasting   | |  2.0

Action                   |  1- 3 |  4- 6 || total
-------------------------+-------+-------++-------
Melee: Unarmed           |    76 |     3 ||    79
       Constrict         |    23 |       ||    23
       Tentacles         |    18 |       ||    18
       Kick              |     4 |       ||     4
       Punch             |     2 |       ||     2
Throw: Stone             |     1 |       ||     1
 Cast: Beastly Appendage |     2 |       ||     2
  Use: Potion            |       |     3 ||     3
 Stab: Sleeping          |     6 |       ||     6
Armor: Skin              |     5 |     2 ||     7
Dodge: Dodged            |    42 |     1 ||    43
